 Dungeon Crawl Stone Soup version 0.31.0-2-g5a2aebc5c2 (webtiles) character file.

Game seed: 3159171676367009877

2512 Mahakala the Cleaver (level 9, -5/75 HPs)
             Began as a Minotaur Berserker on Jan 21, 2024.
             Was a Priest of Trog.
             Succumbed to a hornet's poison
             ... on level 8 of the Dungeon.
             The game lasted 00:13:52 (6094 turns).

Mahakala the Cleaver (Minotaur Berserker)           Turns: 6094, Time: 00:13:53

Health: -5/75      AC: 12    Str: 24    XL:     9   Next: 28%
Magic:  8/8        EV:  9    Int:  6    God:    Trog [***...]
Gold:   464        SH:  0    Dex: 10    Spells: 8/8 levels left

rFire   . . .        a - +2 hand axe (freeze)
rCold   . . .        (no shield)
rNeg    . . .        A - +0 chain mail
rPois   .            (helmet restricted)
rElec   .            (no cloak)
rCorr   .            (no gloves)
SInv    .            p - +1 pair of boots
Will    .....        (no amulet) Stlth
                     (no ring)
HPRegen 0.32/turn    (no ring)
MPRegen 0.11/turn

%: no passive effects
@: lethally poisoned (-5 -> -24), hasted and slowed
A: horns 2, retaliatory headbutt
a: Renounce Religion, Berserk, Trog's Hand


You were on level 8 of the Dungeon.
You worshipped Trog.
Trog was most pleased with you.
You visited 1 branch of the dungeon, and saw 8 of its levels.
You also visited: Sewer.

You collected 464 gold pieces.

Inventory:

Hand Weapons
 a - a +2 hand axe of freezing (weapon)
 E - a +0 war axe
 G - a +2 hand axe of flaming
Missiles
 u - 3 boomerangs
 w - 2 throwing nets {!f}
 x - 2 silver javelins
 C - 16 javelins (quivered)
 J - 7 poisoned darts
Armour
 p - a +1 pair of boots (worn)
 A - a +0 chain mail (worn)
Jewellery
 y - a ring of flight
Wands
 c - a wand of mindburst (8)
 d - a wand of roots (6)
 t - a wand of flame (22)
Scrolls
 b - a scroll of fog {unknown}
 h - a scroll of noise {unknown}
 i - a scroll of enchant weapon {unknown}
 j - 4 scrolls of vulnerability
 m - a scroll of identify {unknown}
 o - a scroll of immolation {unknown}
 r - a scroll of revelation {unknown}
 s - a scroll of silence {unknown}
 v - a scroll of amnesia {unknown}
 H - a scroll of teleportation {unknown}
 I - a scroll of poison {unknown}
Potions
 e - 2 potions of berserk rage {unknown}
 f - a potion of heal wounds {unknown}
 g - 2 potions of degeneration {unknown}
 k - a potion of invisibility {unknown}
 l - 2 potions of haste {@q3}
 n - a potion of brilliance {unknown}
 q - a potion of mutation {unknown}
 z - a potion of might {unknown}
 B - a potion of curing {unknown}
 D - 2 potions of attraction {unknown}
 F - a potion of enlightenment {unknown}


   Skills:
 + Level 6.0 Fighting
 - Level 13.0 Axes
 - Level 3.0 Throwing
 + Level 6.0 Armour
 - Level 2.1 Dodging


You had 8 spell levels left.
You didn't know any spells.
Your spell library was empty.

Dungeon Overview and Level Annotations

Branches:
Dungeon (8/15)             Temple (0/1) D:5           Sewer (visited)
   Lair: D:8-11

Altars:
Ashenzari
Fedhas
Qazlal
Ru
Sif Muna
Trog
Wu Jian
Xom
Zin


Innate Abilities, Weirdness & Mutations

You have a pair of horns on your head.
You reflexively headbutt those who attack you in melee.


Message History

You recover from your berserk rage.
j - 4 scrolls of vulnerability (gained 1)
A hornet comes into view.
Found a ring mail.
The hornet buzzes angrily.
A wight comes into view. It is wielding a +4 battleaxe.
You hit the hornet but do no damage. You headbutt the hornet!
The hornet is moderately wounded.
The hornet stings you!
You are poisoned.
You feel yourself slow down.
You slash the hornet! You freeze the hornet.
The hornet is heavily wounded.
You feel very sick. The hornet stings you!
You are more poisoned.
You feel as though you will be slow longer.
You slash the hornet! You freeze the hornet. Your headbutt misses the hornet.
The hornet is almost dead.
You feel very sick. The hornet stings you.
You are more poisoned.
You suddenly lose the ability to move!
The hornet stings you!
You feel as though you will be slow longer.
You feel very sick. The hornet barely misses you.
You feel very sick.
The hornet stings you but does no damage.
The hornet stings you!
* * * LOW HITPOINT WARNING * * *
You are lethally poisoned!
You feel as though you will be slow longer.
* * * LOW HITPOINT WARNING * * *
You feel very sick. The hornet stings you!
* * * LOW HITPOINT WARNING * * *
You feel as though you will be slow longer.
You can move again.
It was a potion of haste.
You feel yourself speed up.
You die...

#.# #.# #.# ##### #.# #....
#### #.# #.### ..# #.# #.#
#.# #.### #.#
[######.#########...###.###
.z.......y@................
#######.###.............###
#.###.#######.##### #.....#
#)# #############.#
#.......# ####.#######
#.##.# #..#.#


You could see a hornet.

Vanquished Creatures
  Jeremiah (D:8)
  Grinder (D:5)
  Duvessa (D:5)
  2 black bears
  2 sky beasts (D:7)
  An ice beast (D:7)
  2 orc warriors
  2 ogres
  A centaur (D:8)
  3 bullfrogs
  A scorpion (D:7)
  Dowan (D:5)
  3 howler monkeys (D:7)
  2 bombardier beetles
  A hound (D:5)
  2 jellies
  A sleepcap (D:7)
  6 iguanas
  2 orc wizards
  A hell rat (Sewer)
  A river rat (Sewer)
  7 adders
  A shadow imp (D:7)
  A white imp (D:7)
  An ufetubus (D:6)
  A ribbon worm (D:3)
  A dart slug (D:1)
  26 orcs
  3 bats
  7 endoplasms
  A giant cockroach (D:1)
  6 goblins
  12 hobgoblins
  5 jackals (D:1)
  6 kobolds
  2 quokkas
  3 ball pythons (D:3)
  A frilled lizard (D:2)
  10 rats
131 creatures vanquished.

Notes
Turn   | Place    | Note
-------+----------+-------------------------------------------
     0 | D:1      | Mahakala the Minotaur Berserker began the quest for the
                  | Orb.
     0 | D:1      | Reached XP level 1. HP: 19/19 MP: 0/0
    42 | D:1      | Reached skill level 4 in Axes
   176 | D:1      | Reached XP level 2. HP: 26/26 MP: 1/1
   542 | D:1      | Reached skill level 5 in Axes
   620 | D:1      | Reached XP level 3. HP: 31/31 MP: 2/2
   792 | D:2      | Reached ** piety under Trog
  1028 | D:2      | Found a faded altar of an unknown god.
  1917 | D:3      | Reached skill level 6 in Axes
  1917 | D:3      | Reached XP level 4. HP: 39/39 MP: 3/3
  1950 | D:3      | Found a glowing drain.
  1959 | Sewer    | Entered a sewer
  2004 | Sewer    | Reached XP level 5. HP: 45/45 MP: 4/4
  2065 | D:3      | Noticed an ogre
  2075 | D:3      | Killed an ogre
  2076 | D:3      | Reached skill level 7 in Axes
  2193 | D:3      | Found a sacrificial altar of Ru.
  2437 | D:3      | Reached XP level 6. HP: 52/52 MP: 5/5
  2743 | D:4      | Found a shimmering altar of Xom.
  2978 | D:4      | Identified the +0 robe of Love and Death {+Blink rN+ Str+3
                  | Stlth-}
  3018 | D:4      | Found a shimmering blue altar of Sif Muna.
  3019 | D:4      | Found a stormy altar of Qazlal.
  3409 | D:5      | Entered Level 5 of the Dungeon
  3409 | D:5      | Noticed Duvessa
  3411 | D:5      | Noticed Dowan
  3418 | D:5      | Reached skill level 5 in Fighting
  3420 | D:5      | Killed Duvessa
  3421 | D:5      | Reached skill level 8 in Axes
  3421 | D:5      | Reached XP level 7. HP: 61/61 MP: 6/6
  3428 | D:5      | Killed Dowan
  3510 | D:5      | Reached skill level 9 in Axes
  3838 | D:5      | Noticed Grinder
  3848 | D:5      | Killed Grinder
  3849 | D:5      | Reached skill level 1 in Throwing
  3961 | D:5      | Found a staircase to the Ecumenical Temple.
  4583 | D:6      | Found a bloodstained altar of Trog.
  4589 | D:6      | Reached skill level 5 in Armour
  4635 | D:6      | Reached XP level 8. HP: 70/70 MP: 7/7
  4965 | D:6      | Found a broken altar of Ashenzari.
  5121 | D:6      | Reached *** piety under Trog
  5359 | D:7      | Reached skill level 10 in Axes
  5387 | D:7      | Reached skill level 11 in Axes
  5570 | D:7      | Found a glowing silver altar of Zin.
  5591 | D:7      | Found an ornate altar of the Wu Jian Council.
  5620 | D:7      | Reached skill level 12 in Axes
  5620 | D:7      | Reached XP level 9. HP: 73/75 MP: 8/8
  5658 | D:7      | Found a blossoming altar of Fedhas.
  5933 | D:8      | Noticed Jeremiah
  5950 | D:8      | Killed Jeremiah
  5951 | D:8      | Reached skill level 13 in Axes
  6090 | D:8      | Paralysed by a hornet for 3 turns
  6093 | D:8      | HP: 2/75 [hornet (9)]
  6094 | D:8      | Succumbed to a hornet's poison

Illustrated notes

Levels and vault maps discovered:
D:1:      mainiacjoe_arrival_oval_in_oval, layout_loops_corners
D:2:      layout_basic, shapermc_ecumenical_altar_pompeii,
          kennysheep_cluttered_room, chequers_serial_rivers_large_b
D:3:      layout_rooms, nicolae_ru_sacrificial_ziggurat, portal_sewer_entry_d
D:4:      layout_gridville, regret_index_xom_buried_treasure,
          nicolae_overflow_squiral
D:5:      layout_cave_pods, minmay_temple_entry_glass, chequers_mini_garden,
          uniq_grinder, uniq_duvessa
D:6:      minmay_evil_eye, layout_loops_cross, trog_butcher_becter,
          ashenzari_conservatory_becter
D:7:      layout_rooms, lemuel_coloured_pillars_altar, lemuel_crystal_altar,
          fedhas_ov_isle_minmay
D:8:      layout_basic, kennysheep_mini, uniq_jeremiah

Skill      XL: |  1  2  3  4  5  6  7  8  9 |
---------------+----------------------------+-----
Axes           | 4 5 6 7 8 9 12 13 | 13.0
Armour         | 4 5 6 |  6.0
Fighting       | 4 5 6 |  6.0
Throwing       | 2 3 |  3.0
Dodging        | |  2.1

Action                     |  1- 3 |  4- 6 |  7- 9 || total
---------------------------+-------+-------+-------++-------
  Melee: Hand axe          |    45 |    75 |   146 ||   266
         Headbutt          |     6 |    14 |    37 ||    57
         Punch             |       |       |     2 ||     2
  Throw: Javelin           |       |       |     1 ||     1
 Invoke: Berserk           |     1 |     5 |     3 ||     9
         Trog's Hand       |       |     1 |     1 ||     2
    Use: Scroll            |       |     1 |       ||     1
         Potion            |       |       |     1 ||     1
   Stab: Sleeping          |     1 |       |       ||     1
 Armour: Animal skin       |    13 |       |       ||    13
         Ring mail         |     6 |    40 |     5 ||    51
         Chain mail        |       |       |    79 ||    79
  Dodge: Dodged            |    30 |    37 |    47 ||   114
